[Event "European Women Rapid-ch 2023"]
[Site "Monaco"]
[Date "2024.01.14"]
[Round "9.5"]
[White "Garcia Martin, Marta"]
[Black "Wagner, Dinara"]
[Result "0-1"]
[ECO "B23"]
[WhiteElo "2342"]
[BlackElo "2459"]
[Annotator "RC"]
[PlyCount "120"]
[EventDate "2023.12.19"]
[EventType "swiss"]
[EventCountry "MNC"]
[SourceTitle "playchess.com"]
[Source "ChessBase"]
[SourceQuality "1"]
[TimeControl "900+10"]

1. e4 c5 2. Nc3 d6 3. d4 cxd4 4. Qxd4 Nc6 5. Qd2 Nf6 6. b3 e6 7. Bb2 d5 8. exd5 exd5 9. O-O-O Be6 10. Kb1 Qa5 11. Nb5 Qxd2 12. Rxd2 Ne4 13. Re2 O-O-O 14. f3 Nf6 15. Nd4 Bd7 16. Rd2 Bb4 17. Rd1 Bc5 18. Nxc6 bxc6 19. Ba6+ Kc7 20. Ne2 Rhe8 21. Ng3 Re7 22. Bd3 Rde8 23. Nf5 Bxf5 24. Bxf5 h6 25. Bd3 Bd6 26. c4 Be5 27. Ba3 Bd6 28. Bb2 Be5 29. Ba3 Bd6 30. Bc1 d4 31. g4 Nd7 32. h4 Ne5 33. Be4 Nxg4 34. Bxc6 Kxc6 35. fxg4 Re4 36. g5 h5 37. Bb2 Bc5 38. a3 a5 39. b4 axb4 40. axb4 Bxb4 41. Rxd4 Rxd4 42. Bxd4 g6 43. Kc2 Bc5 44. Bc3 Re4 45. Kd3 Re3+ 46. Kd2 Re4 47. Kd3 Re3+ 48. Kd2 Rf3 49. Rh2 Rf2+ 50. Rxf2 Bxf2 51. Kd3 Bxh4 52. Bd2 Bg3 53. Be3 h4 54. Ke4 h3 55. Kf3 Bc7 56. Kf2 Bb6 57. Bxb6 Kxb6 58. Kg3 Kc5 59. Kxh3 Kxc4 60. Kg4 Kd5 0-1

[Event "European Women Rapid-ch 2023"]
[Site "Monaco"]
[Date "2024.01.14"]
[Round "9.6"]
[White "Batsiashvili, Nino"]
[Black "Ushenina, Anna"]
[Result "1/2-1/2"]
[ECO "D02"]
[WhiteElo "2451"]
[BlackElo "2415"]
[Annotator "RC"]
[PlyCount "183"]
[EventDate "2023.12.19"]
[EventType "swiss"]
[EventCountry "MNC"]
[SourceTitle "playchess.com"]
[Source "ChessBase"]
[SourceQuality "1"]
[TimeControl "900+10"]

1. Nf3 d5 2. g3 Nd7 3. d4 Nb6 4. a4 a5 5. b3 Bf5 6. Nh4 Bg4 7. Ba3 Nd7 8. Bg2 e6 9. Bxf8 Nxf8 10. h3 Bh5 11. O-O Nd7 12. c4 c6 13. Nc3 Ngf6 14. Qc2 O-O 15. e3 g5 16. Nf3 Bg6 17. Qb2 Ne4 18. Ne5 Nxe5 19. dxe5 Nc5 20. cxd5 cxd5 21. Nb5 Rc8 22. Rfd1 Qb6 23. Qd4 Rc6 24. Qg4 h6 25. Nd4 Rc7 26. h4 Nxb3 27. Nxb3 Qxb3 28. hxg5 Rc4 29. Rd4 Rxd4 30. exd4 Qc3 31. Rd1 h5 32. Qf4 Rc8 33. Bf1 Qc2 34. Ra1 Qb2 35. Re1 Rc2 36. Bb5 Rd2 37. Qf6 Qxd4 38. Be8 Rd1 39. Rxd1 Qxd1+ 40. Kh2 h4 41. Bxf7+ Bxf7 42. g6 hxg3+ 43. Kg2 Bxg6 44. Qxg6+ Kh8 45. Qh6+ Kg8 46. Qxe6+ Kh7 47. Qh3+ Kg6 48. Qe6+ Kg5 49. Qf6+ Kh5 50. Qf5+ Kh6 51. fxg3 Qe2+ 52. Kh3 Qh5+ 53. Qxh5+ Kxh5 54. g4+ Kg5 55. Kg3 d4 56. Kf3 b5 57. axb5 a4 58. b6 a3 59. b7 a2 60. b8=Q a1=Q 61. Qd8+ Kg6 62. Qf6+ Kh7 63. Qf5+ Kg7 64. Qd3 Qh1+ 65. Kf4 Qh2+ 66. Ke4 Qg2+ 67. Qf3 Qd2 68. Qf6+ Kh7 69. Qf5+ Kh8 70. Qc8+ Kg7 71. Qd7+ Kg6 72. Qf5+ Kg7 73. Qd7+ Kg6 74. Qxd4 Qg2+ 75. Kd3 Qf3+ 76. Kc4 Qc6+ 77. Kb4 Qb7+ 78. Kc3 Qc6+ 79. Qc4 Qg2 80. Qd3+ Kg7 81. Qd4 Qc6+ 82. Kb4 Qb7+ 83. Kc5 Qc7+ 84. Kd5 Qd7+ 85. Kc4 Qa4+ 86. Kc3 Qa1+ 87. Kd3 Qd1+ 88. Ke3 Qg1+ 89. Kd3 Qd1+ 90. Kc4 Qa4+ 91. Kd5 Qd7+ 92. Ke4 1/2-1/2

[Event "European Women Rapid-ch 2023"]
[Site "Monaco"]
[Date "2024.01.14"]
[Round "9.7"]
[White "Kulon, Klaudia"]
[Black "Cramling, Pia"]
[Result "1-0"]
[ECO "A23"]
[WhiteElo "2323"]
[BlackElo "2437"]
[Annotator "RC"]
[PlyCount "65"]
[EventDate "2023.12.19"]
[EventType "swiss"]
[EventCountry "MNC"]
[SourceTitle "playchess.com"]
[Source "ChessBase"]
[SourceQuality "1"]
[TimeControl "900+10"]

1. c4 e5 2. g3 c6 3. Bg2 d5 4. cxd5 cxd5 5. Qb3 Nf6 6. Nc3 Nc6 7. Nxd5 Nd4 8. Nxf6+ gxf6 9. Qd1 Qc7 10. Kf1 Be6 11. b3 Nc2 12. Rb1 Nb4 13. Bb2 Nxa2 14. d4 Rd8 15. d5 Nb4 16. e4 Bd7 17. Bf3 Bh6 18. Kg2 Bb5 19. Bc1 Bg7 20. Be2 Bxe2 21. Nxe2 f5 22. Ba3 Qa5 23. Ra1 fxe4 24. Qd2 Bf8 25. Qg5 Bd6 26. Nc3 Rc8 27. Nxe4 Qxd5 28. Qg4 Rd8 29. Rhd1 Nd3 30. Qf3 Be7 31. Bxe7 Kxe7 32. Qf6+ Kd7 33. Rxd3 1-0

[Event "European Women Rapid-ch 2023"]
[Site "Monaco"]
[Date "2024.01.14"]
[Round "9.8"]
[White "Calzetta Ruiz, Monica"]
[Black "Zhukova, Natalia"]
[Result "1/2-1/2"]
[ECO "C70"]
[WhiteElo "2241"]
[BlackElo "2301"]
[Annotator "ChessBase"]
[PlyCount "76"]
[EventDate "2023.12.19"]
[EventType "swiss"]
[EventCountry "MNC"]
[SourceTitle "playchess.com"]
[Source "ChessBase"]
[SourceQuality "1"]
[TimeControl "900+10"]

1. e4 e5 2. Nf3 Nc6 3. Bb5 a6 4. Ba4 g6 5. Nc3 Bg7 6. d3 Nge7 7. h4 h6 8. h5 g5 9. Nxg5 hxg5 10. Bxg5 Bh6 11. Bf6 Rg8 12. Nd5 b5 13. Bb3 d6 14. Bxe7 Nxe7 15. Nf6+ Kf8 16. Nxg8 Nxg8 17. f3 Qg5 18. g4 Ne7 19. a4 b4 20. a5 Bd7 21. Qe2 Kg7 22. Bc4 c6 23. Kf2 d5 24. Bb3 Qf6 25. Rae1 d4 26. Reg1 Be3+ 27. Kg2 Kh7 28. Rf1 Rg8 29. Rh3 Qf4 30. Qe1 c5 31. Qh4 Bxg4 32. fxg4 Rxg4+ 33. Qg3 Qg5 34. Rxf7+ Kh6 35. Rf6+ Kh7 36. Rf7+ Kh6 37. Rf6+ Kh7 38. Rf7+ Kh6 1/2-1/2

[Event "European Women Rapid-ch 2023"]
[Site "Monaco"]
[Date "2024.01.14"]
[Round "9.9"]
[White "Bensdorp-De Labaca, Marlies"]
[Black "Papp, Petra"]
[Result "1-0"]
[ECO "D80"]
[WhiteElo "2237"]
[BlackElo "2267"]
[Annotator "ChessBase"]
[PlyCount "117"]
[EventDate "2023.12.19"]
[EventType "swiss"]
[EventCountry "MNC"]
[SourceTitle "playchess.com"]
[Source "ChessBase"]
[SourceQuality "1"]
[TimeControl "900+10"]

1. d4 Nf6 2. c4 g6 3. Nc3 d5 4. e3 Bg7 5. cxd5 Nxd5 6. Nxd5 Qxd5 7. Ne2 O-O 8. Nc3 Qd8 9. Be2 e5 10. d5 c6 11. e4 f5 12. O-O Nd7 13. Be3 f4 14. Bd2 Nf6 15. Qb3 Kh8 16. Rad1 Qe8 17. f3 g5 18. Be1 g4 19. fxg4 Nxg4 20. Bxg4 Bxg4 21. Rd3 Qe7 22. h3 Bh5 23. Kh2 Rg8 24. d6 Qd7 25. Na4 b6 26. Qc2 Bf6 27. b3 Rg7 28. Bc3 Qe6 29. Qb2 Rg6 30. Rf2 Rd8 31. Rfd2 Rd7 32. Qa1 Rh6 33. Nb2 b5 34. Nd1 Bg6 35. Nf2 Kg8 36. Kg1 Bh5 37. a4 Rg6 38. axb5 cxb5 39. Qa6 Rdg7 40. Ng4 Bxg4 41. hxg4 Qd7 42. Qa1 Rxg4 43. Bxe5 Bxe5 44. Qxe5 b4 45. Qd5+ Kh8 46. e5 Qc8 47. Qc4 Qb7 48. Qd5 Qb6+ 49. Qd4 Qb7 50. Qd5 Qb6+ 51. Kf1 Rh4 52. Qd4 Qc6 53. Qd5 Qb6 54. d7 Rh1+ 55. Ke2 f3+ 56. Qxf3 Qd8 57. Rc2 Rxd7 58. Rxd7 Qxd7 59. Qf8# 1-0

[Event "European Women Rapid-ch 2023"]
[Site "Monaco"]
[Date "2024.01.14"]
[Round "9.10"]
[White "Sliwicka, Alicja"]
[Black "Khademalsharieh, Sarasadat"]
[Result "0-1"]
[ECO "C70"]
[WhiteElo "2311"]
[BlackElo "2486"]
[Annotator "RC"]
[PlyCount "88"]
[EventDate "2023.12.19"]
[EventType "swiss"]
[EventCountry "MNC"]
[SourceTitle "playchess.com"]
[Source "ChessBase"]
[SourceQuality "1"]
[TimeControl "900+10"]

1. e4 e5 2. Nf3 Nc6 3. Bb5 a6 4. Ba4 g6 5. d4 exd4 6. Nxd4 Bg7 7. Nxc6 bxc6 8. O-O Ne7 9. Nc3 O-O 10. Bg5 h6 11. Bh4 Rb8 12. Bb3 g5 13. Bg3 Ng6 14. Qh5 Kh7 15. e5 Qe7 16. Rae1 a5 17. Re3 Ba6 18. Rfe1 Rb4 19. a3 Rd4 20. Ne4 a4 21. Ba2 Bc4 22. Bb1 Rb8 23. c3 Rd5 24. Nf6+ Bxf6 25. exf6 Qxf6 26. Be5 Rxe5 27. Rxe5 Rxb2 28. Bxg6+ fxg6 29. Re7+ Bf7 30. Qf3 Qxe7 31. Qd1 Qf6 32. f3 Be6 33. Re3 Qf5 34. Re1 Qc2 35. Qxc2 Rxc2 36. Re4 Bb3 37. Re7+ Kg8 38. Rxd7 Rxc3 39. Rxc7 Bd5 40. h4 Rxa3 41. hxg5 hxg5 42. Kh2 Rc3 43. Kg3 Be6 44. Re7 Bf5 0-1

[Event "European Women Rapid-ch 2023"]
[Site "Monaco"]
[Date "2024.01.14"]
[Round "9.11"]
[White "Hunt, Harriet V"]
[Black "Hejazipour, Mitra"]
[Result "1/2-1/2"]
[ECO "B50"]
[WhiteElo "2306"]
[BlackElo "2356"]
[Annotator "RC"]
[PlyCount "138"]
[EventDate "2023.12.19"]
[EventType "swiss"]
[EventCountry "MNC"]
[SourceTitle "playchess.com"]
[Source "ChessBase"]
[SourceQuality "1"]
[TimeControl "900+10"]

1. e4 c5 2. Nf3 d6 3. c3 Nf6 4. h3 g6 5. Bd3 Bg7 6. O-O O-O 7. Re1 Nc6 8. Bc2 e5 9. d3 a6 10. a4 Rb8 11. Bg5 h6 12. Be3 b5 13. axb5 axb5 14. Qd2 Kh7 15. b4 Qe7 16. Na3 Be6 17. Reb1 cxb4 18. cxb4 Rfc8 19. Bb3 Bxb3 20. Rxb3 d5 21. Bc5 Qe6 22. exd5 Nxd5 23. Re1 Nf4 24. Rbb1 Qd5 25. Re3 Rd8 26. Rd1 f5 27. Nb1 Qf7 28. Nc3 e4 29. d4 exf3 30. Rxf3 Nd5 31. Ne2 Nf6 32. Ng3 Qd5 33. Qc2 Ne4 34. Ne2 Nxc5 35. bxc5 b4 36. Rb3 Qf7 37. Rbd3 b3 38. Qb1 b2 39. R3d2 Qc4 40. Rc2 Qa4 41. d5 Nb4 42. Rcd2 Qa1 43. Nf4 Qxb1 44. Rxb1 Be5 45. g3 Bxf4 46. gxf4 Nxd5 47. c6 Nc7 48. Rdxb2 Rxb2 49. Rxb2 Rd6 50. Rc2 Kg7 51. Kg2 Kf6 52. Kf3 Ke6 53. Rc5 Rd3+ 54. Kg2 Rd5 55. Rc3 Kd6 56. Rg3 Kxc6 57. Rxg6+ Rd6 58. Rg8 Kd5 59. Kf3 Ne6 60. Rh8 Nd4+ 61. Kg3 Rg6+ 62. Kh4 Ne2 63. Rf8 Ke4 64. Re8+ Kf3 65. Re5 Rf6 66. Rxf5 Rd6 67. Re5 Nxf4 68. Re3+ Kxf2 69. Rf3+ Kxf3 1/2-1/2

[Event "European Women Rapid-ch 2023"]
[Site "Monaco"]
[Date "2024.01.14"]
[Round "9.12"]
[White "Movsesian, Julia"]
[Black "Javakhishvili, Lela"]
[Result "1-0"]
[ECO "B46"]
[WhiteElo "2257"]
[BlackElo "2433"]
[Annotator "RC"]
[PlyCount "59"]
[EventDate "2023.12.19"]
[EventType "swiss"]
[EventCountry "MNC"]
[SourceTitle "playchess.com"]
[Source "ChessBase"]
[SourceQuality "1"]
[TimeControl "900+10"]

1. e4 c5 2. Nf3 Nc6 3. Nc3 a6 4. d4 cxd4 5. Nxd4 e6 6. g3 Nf6 7. Bg2 h5 8. h3 Be7 9. O-O Qc7 10. Re1 d6 11. Nxc6 bxc6 12. e5 dxe5 13. Rxe5 h4 14. Bf4 Qb6 15. Qf3 Nd5 16. Rae1 Bb7 17. Qg4 Nxf4 18. Qxf4 hxg3 19. Qxg3 Rh6 20. Na4 Qd4 21. R5e4 Qf6 22. Qc7 Rd8 23. Qxb7 Rd2 24. Qxc6+ Kf8 25. R4e2 Rd4 26. Nc5 Qg5 27. Nd7+ Kg8 28. Ne5 Rxh3 29. Qe8+ Kh7 30. Qh8+ 1-0

[Event "European Women Rapid-ch 2023"]
[Site "Monaco"]
[Date "2024.01.14"]
[Round "9.13"]
[White "Navrotescu, Andreea"]
[Black "Hoang, Thanh Trang"]
[Result "1/2-1/2"]
[ECO "C02"]
[WhiteElo "2222"]
[BlackElo "2382"]
[Annotator "RC"]
[PlyCount "92"]
[EventDate "2023.12.19"]
[EventType "swiss"]
[EventCountry "MNC"]
[SourceTitle "playchess.com"]
[Source "ChessBase"]
[SourceQuality "1"]
[TimeControl "900+10"]

1. d4 e6 2. e4 d5 3. e5 c5 4. c3 Nc6 5. Nf3 Qb6 6. Be2 cxd4 7. cxd4 Nge7 8. Na3 Nf5 9. Nc2 Bd7 10. O-O Rc8 11. Rb1 Na5 12. h4 Bb5 13. h5 h6 14. g4 Ne7 15. Nfe1 Bxe2 16. Qxe2 Nec6 17. Be3 Nc4 18. Kh1 Be7 19. f4 Nxe3 20. Qxe3 Qa6 21. Qf2 Qxa2 22. Ng2 Qb3 23. Nge3 Qd3 24. Kh2 Nb4 25. Nxb4 Bxb4 26. Rbd1 Qe4 27. Kg3 O-O 28. f5 f6 29. fxe6 fxe5 30. Nf5 exd4 31. Rxd4 Bd6+ 32. Kh3 Qxe6 33. Re1 Be5 34. Rd3 Qf6 35. Rxd5 Bxb2 36. Qf3 Rc3 37. Re3 Rxe3 38. Qxe3 Qc3 39. Rd3 Qc1 40. Qe6+ Kh8 41. Qe7 Qf1+ 42. Kh2 Rxf5 43. gxf5 Qxd3 44. Qe8+ Kh7 45. Qg6+ Kg8 46. Qe8+ Kh7 1/2-1/2

[Event "European Women Rapid-ch 2023"]
[Site "Monaco"]
[Date "2024.01.14"]
[Round "9.14"]
[White "Zimina, Olga"]
[Black "Lazarne Vajda, Szidonia"]
[Result "1-0"]
[ECO "A46"]
[WhiteElo "2291"]
[BlackElo "2283"]
[Annotator "ChessBase"]
[PlyCount "45"]
[EventDate "2023.12.19"]
[EventType "swiss"]
[EventCountry "MNC"]
[SourceTitle "playchess.com"]
[Source "ChessBase"]
[SourceQuality "1"]
[TimeControl "900+10"]

1. d4 d5 2. Nf3 Nf6 3. g3 e6 4. Bg2 b5 5. a4 b4 6. c4 bxc3 7. Nxc3 c5 8. O-O Nc6 9. Bf4 Nh5 10. Bg5 Qb6 11. e4 cxd4 12. exd5 dxc3 13. dxc6 cxb2 14. Rb1 Nf6 15. Ne5 Qc7 16. Nd7 Ba6 17. Bf4 Qc8 18. Nxf6+ gxf6 19. Qd7+ Qxd7 20. cxd7+ Kxd7 21. Rfd1+ Kc8 22. Rxb2 e5 23. Rc2+ 1-0

[Event "European Women Rapid-ch 2023"]
[Site "Monaco"]
[Date "2024.01.14"]
[Round "9.15"]
[White "Piddubna, Bozhena"]
[Black "Daulyte-Cornette, Deimante"]
[Result "0-1"]
[ECO "A30"]
[WhiteElo "2035"]
[BlackElo "2372"]
[Annotator "RC"]
[PlyCount "120"]
[EventDate "2023.12.19"]
[EventType "swiss"]
[EventCountry "MNC"]
[SourceTitle "playchess.com"]
[Source "ChessBase"]
[SourceQuality "1"]
[TimeControl "900+10"]

1. g3 d5 2. Nf3 c5 3. Bg2 Nc6 4. O-O e5 5. c4 Nf6 6. d3 Be7 7. cxd5 Nxd5 8. Nc3 Be6 9. Nxd5 Bxd5 10. b3 O-O 11. Bb2 Qc7 12. Rc1 Rfd8 13. Qc2 Qd6 14. Rfd1 h6 15. Ba3 b6 16. d4 exd4 17. Nxd4 Bxg2 18. Nf5 Qe6 19. Kxg2 Bg5 20. Rb1 g6 21. h4 Qxf5 22. Qxf5 gxf5 23. hxg5 hxg5 24. Rh1 Kg7 25. Rh5 f6 26. Bb2 Kf7 27. Bxf6 Kxf6 28. Rh6+ Ke5 29. Rxc6 Rd2 30. e3 Rxa2 31. Rd1 Rb2 32. Rd7 g4 33. Rd3 Rh8 34. Rg6 Re8 35. Rgd6 Re6 36. Rd8 Ke4 37. R8d7 a5 38. Rd8 b5 39. R8d7 Rc6 40. Rd8 Ke5 41. Re8+ Kf6 42. Rf8+ Ke6 43. Re8+ Kf7 44. Ra8 c4 45. bxc4 bxc4 46. Rd5 c3 47. Rxf5+ Ke6 48. Raf8 c2 49. R5f6+ Kd5 50. Rd8+ Kc5 51. Rxc6+ Kxc6 52. Rc8+ Kd5 53. Rd8+ Kc4 54. e4 Rb5 55. e5 Rxe5 56. Rc8+ Rc5 57. Rg8 c1=Q 58. Rxg4+ Kd3 59. Rf4 Qxf4 60. gxf4 a4 0-1

[Event "European Women Rapid-ch 2023"]
[Site "Monaco"]
[Date "2024.01.14"]
[Round "9.16"]
[White "Charkhalashvili, Inga"]
[Black "Guichard, Pauline"]
[Result "1-0"]
[ECO "D44"]
[WhiteElo "2239"]
[BlackElo "2385"]
[Annotator "RC"]
[PlyCount "67"]
[EventDate "2023.12.19"]
[EventType "swiss"]
[EventCountry "MNC"]
[SourceTitle "playchess.com"]
[Source "ChessBase"]
[SourceQuality "1"]
[TimeControl "900+10"]

1. d4 Nf6 2. c4 e6 3. Nf3 d5 4. Bg5 dxc4 5. e3 b5 6. Nc3 c6 7. a4 a6 8. axb5 cxb5 9. Nxb5 axb5 10. Rxa8 Bb4+ 11. Ke2 Bb7 12. Bxf6 gxf6 13. Ra1 Rg8 14. Ne1 f5 15. f3 Nd7 16. Nc2 Bd6 17. Qe1 Qb8 18. Qa5 Kf8 19. Kf2 Bxh2 20. Rxh2 Qxh2 21. Qd8+ Kg7 22. Qxd7 Bd5 23. Qe7 Qh6 24. Ra7 Rf8 25. Nb4 Ba8 26. Qd6 Kh8 27. Nc6 Qh4+ 28. g3 Qh6 29. Ne5 Kg8 30. Nd7 Rc8 31. Qe5 Qh2+ 32. Bg2 b4 33. Nf6+ Kf8 34. Ng4 1-0

[Event "European Women Rapid-ch 2023"]
[Site "Monaco"]
[Date "2024.01.14"]
[Round "9.17"]
[White "Savina, Anastasia"]
[Black "Gvetadze, Sofio"]
[Result "0-1"]
[ECO "E73"]
[WhiteElo "2340"]
[BlackElo "2298"]
[Annotator "RC"]
[PlyCount "79"]
[EventDate "2023.12.19"]
[EventType "swiss"]
[EventCountry "MNC"]
[SourceTitle "playchess.com"]
[Source "ChessBase"]
[SourceQuality "1"]
[TimeControl "900+10"]

1. d4 Nf6 2. c4 g6 3. Nc3 Bg7 4. e4 d6 5. Be2 c5 6. d5 O-O 7. h4 e6 8. h5 exd5 9. exd5 Re8 10. h6 Bh8 11. Bg5 Qb6 12. b3 Ng4 13. Rc1 Bd4 14. Nh3 Qa5 15. Qd2 a6 16. O-O Bf5 17. Bd3 Bxd3 18. Qxd3 Nd7 19. Ne2 Bh8 20. a4 b5 21. Bd2 Qb6 22. a5 Qb7 23. Ng3 Nde5 24. Qc2 Rab8 25. Ne4 Qc7 26. cxb5 Rxb5 27. Rfe1 Reb8 28. Bc3 Nxh6 29. f4 Neg4 30. Qe2 Bxc3 31. Rxc3 Rxb3 32. Rxb3 Rxb3 33. Qxa6 Nf5 34. Nhf2 Nxf2 35. Nf6+ Kh8 36. Kxf2 c4 37. Re8+ Kg7 38. Rc8 Qe7 39. Ne8+ Kh6 40. Qa7 0-1

[Event "European Women Rapid-ch 2023"]
[Site "Monaco"]
[Date "2024.01.14"]
[Round "9.18"]
[White "Unuk, Laura"]
[Black "Krasteva, Beloslava"]
[Result "1/2-1/2"]
[ECO "E46"]
[WhiteElo "2346"]
[BlackElo "2251"]
[Annotator "RC"]
[PlyCount "61"]
[EventDate "2023.12.19"]
[EventType "swiss"]
[EventCountry "MNC"]
[SourceTitle "playchess.com"]
[Source "ChessBase"]
[SourceQuality "1"]
[TimeControl "900+10"]

1. d4 Nf6 2. c4 e6 3. Nc3 Bb4 4. e3 O-O 5. Bd2 d5 6. Qc2 b6 7. cxd5 exd5 8. Nf3 Bb7 9. Ne5 Re8 10. f4 a6 11. Be2 Nbd7 12. Bf3 Bxc3 13. Bxc3 Ne4 14. Bxe4 dxe4 15. O-O Nf6 16. Be1 Nd5 17. Bf2 f6 18. Nc4 a5 19. Rfd1 Ba6 20. a3 Qd7 21. Rac1 Re6 22. Qb3 Kh8 23. h3 Bxc4 24. Qxc4 f5 25. Qe2 Rg6 26. Rc4 Rf8 27. Rdc1 h6 28. Kh2 Rff6 29. Bh4 Rc6 30. b3 Rcd6 31. Bf2 1/2-1/2

[Event "European Women Rapid-ch 2023"]
[Site "Monaco"]
[Date "2024.01.14"]
[Round "9.19"]
[White "Rudzinska, Michalina"]
[Black "Vega Gutierrez, Sabrina"]
[Result "0-1"]
[ECO "B33"]
[WhiteElo "2241"]
[BlackElo "2378"]
[Annotator "RC"]
[PlyCount "84"]
[EventDate "2023.12.19"]
[EventType "swiss"]
[EventCountry "MNC"]
[SourceTitle "playchess.com"]
[Source "ChessBase"]
[SourceQuality "1"]
[TimeControl "900+10"]

1. e4 c5 2. Nf3 Nc6 3. d4 cxd4 4. Nxd4 Nf6 5. Nc3 e5 6. Ndb5 d6 7. Bg5 a6 8. Na3 b5 9. Nab1 Be7 10. Bxf6 Bxf6 11. a4 b4 12. Nd5 O-O 13. Bc4 Bg5 14. O-O Be6 15. Qd3 a5 16. Nd2 Rc8 17. Rfd1 Nd4 18. c3 bxc3 19. bxc3 Bxd5 20. exd5 Bxd2 21. cxd4 Bb4 22. dxe5 dxe5 23. Bb5 Rc3 24. Qe2 Qd6 25. Rd3 Rfc8 26. Rxc3 Bxc3 27. Rd1 Bd4 28. Bc6 Rb8 29. g3 g6 30. Kg2 h5 31. h4 Qc5 32. Rd2 Rb3 33. Rc2 Qd6 34. Qc4 Rb4 35. Qa6 e4 36. Qe2 e3 37. fxe3 Rb3 38. Qc4 Rxe3 39. Rf2 Qxg3+ 40. Kf1 Qh3+ 41. Rg2 Qf3+ 42. Kg1 Re2+ 0-1

[Event "European Women Rapid-ch 2023"]
[Site "Monaco"]
[Date "2024.01.14"]
[Round "9.20"]
[White "Hryshchenko, Kamila"]
[Black "Hrebenshchykova, Yelyzaveta"]
[Result "1-0"]
[ECO "C87"]
[WhiteElo "2192"]
[BlackElo "2275"]
[Annotator "ChessBase"]
[PlyCount "77"]
[EventDate "2023.12.19"]
[EventType "swiss"]
[EventCountry "MNC"]
[SourceTitle "playchess.com"]
[Source "ChessBase"]
[SourceQuality "1"]
[TimeControl "900+10"]

1. e4 e5 2. Nf3 Nc6 3. Bb5 a6 4. Ba4 Nf6 5. d4 exd4 6. O-O Be7 7. Re1 d6 8. Nxd4 Bd7 9. Bxc6 bxc6 10. Nc3 O-O 11. Bf4 Rb8 12. b3 Re8 13. Qd3 a5 14. Rad1 Ng4 15. h3 Ne5 16. Bxe5 dxe5 17. Nf3 Bd6 18. a4 Qf6 19. Nd2 Be6 20. Re3 Red8 21. Rf3 Qh4 22. Qe2 Bb4 23. Rg3 Qf4 24. Rf3 Qh6 25. Nc4 Rxd1+ 26. Nxd1 Bxc4 27. Qxc4 Qe6 28. Qxe6 fxe6 29. Rd3 Kf8 30. Ne3 Ke7 31. Nc4 Kf6 32. Rf3+ Ke7 33. Nxe5 Kd6 34. Nc4+ Ke7 35. Kf1 Rd8 36. Ke2 g6 37. c3 Bc5 38. Nxa5 Rd6 39. Nb7 1-0

[Event "European Women Rapid-ch 2023"]
[Site "Monaco"]
[Date "2024.01.14"]
[Round "9.21"]
[White "Ciarletta, Iris"]
[Black "Dornbusch, Tatiana"]
[Result "0-1"]
[ECO "A57"]
[WhiteElo "1911"]
[BlackElo "2218"]
[Annotator "TA"]
[PlyCount "96"]
[EventDate "2023.12.19"]
[EventType "swiss"]
[EventCountry "MNC"]
[SourceTitle "playchess.com"]
[Source "ChessBase"]
[SourceQuality "1"]
[TimeControl "900+10"]

1. d4 Nf6 2. c4 c5 3. d5 b5 4. cxb5 a6 5. b6 g6 6. Nc3 Bg7 7. a4 Qxb6 8. Nf3 d6 9. e4 Bg4 10. Be2 {[%emt 0:00:18] OK} Bxf3 {[%emt 0:00:34] OK} 11. Bxf3 Nbd7 {[%emt 0:00:01] OK. The position is equal.} 12. a5 {[%emt 0:00:16] OK} Qb7 {[%emt 0:00:14] OK} 13. O-O O-O {[%emt 0:00:01] OK} 14. Be2 {[%emt 0:00:18] OK} Rfb8 15. Bc4 Ne8 {[%emt 0:00:25][%cal Bf6e8,Be8c7,Bc7b5,Bb5d4][%mdl 32] EV=25.47. Inaccurate} 16. f4 {[%emt 0:01:06] Best} Nc7 {[%emt 0:00:23] OK} 17. Kh1 Nb5 {[%emt 0:00:13] OK} 18. Ne2 {[%emt 0:00:33] OK} Nd4 19. Ng3 {[%emt 0:00:25] Mistake (1.4)} (19. Ra3 $14 {stays ahead.}) 19... Nb3 $17 {[%emt 0:00:38] Excellent horsemanship. White is on the road to losing. Best (Easy)} 20. Ra4 {[%emt 0:01:17] Mistake (0.5)} (20. Bxb3 $17 {keeps fighting.} Qxb3 21. Qe2) 20... Nxc1 $19 {[%emt 0:00:17] Best (Easy)} 21. Qxc1 Qxb2 {[%emt 0:00:10] OK} ({Don't play} 21... Bxb2 22. Qc2 Bd4 23. Ne2 $15) 22. Qd1 {[%emt 0:00:42] White is weak on the dark squares} Rb4 {[%emt 0:00:27] Black is more active. OK} 23. Ra2 {[%emt 0:00:29] Mistake (1.2)} (23. Ne2 $17 {is a better defense.}) 23... Qd4 {[%emt 0:00:34] Best (Easy)} 24. Bd3 {[%emt 0:00:17] Inaccurate} c4 {[%emt 0:00:26] OK} 25. Bc2 {[%emt 0:00:28] OK} Qxd1 {[%emt 0:00:28] OK} 26. Bxd1 Nc5 {[%emt 0:00:12] OK} 27. Rc2 Nb3 {[%emt 0:01:37] OK} 28. Be2 Nxa5 {[%emt 0:00:14] OK} ({But not} 28... Rc8 29. Rb1 $19) 29. Rfc1 Rc8 30. h3 Bd4 {[%emt 0:01:09] OK} 31. f5 Rc5 {[%emt 0:00:54] OK} 32. fxg6 hxg6 33. Rd1 Be5 {[%emt 0:00:40] OK} 34. Nf1 {[%emt 0:00:12] OK} c3 {[%emt 0:00:07] OK} 35. Ne3 Rxe4 {[%emt 0:00:12] OK} 36. Ng4 {[%emt 0:00:34] OK} Bg7 37. Bxa6 Nc4 {[%emt 0:01:58] OK} 38. Nf2 {[%emt 0:00:54] OK} Rd4 39. Rdc1 Rd2 {[%emt 0:00:31] ...Rxc2 would now be deadly.} 40. Ne4 Rxc2 {[%emt 0:00:05] OK} (40... Rdxd5 41. Nxc3 Bxc3 42. Rxc3 $19) 41. Rxc2 Ne3 42. Rc1 {[%emt 0:00:12] Mistake (1.9)} (42. Nxc5 {only move.} Nxc2 43. Nb3) 42... Rc7 {[%emt 0:00:23] OK} 43. Be2 {[%emt 0:00:40] Against c2. Inaccurate} c2 {[%emt 0:00:16][%cal Og7b2] [#] White must now prevent ...Bb2! OK} 44. Nf2 {[%emt 0:01:35] Inaccurate} Bb2 45. Rg1 c1=Q {[%emt 0:00:04] Black mates.} 46. Nd1 Nxd1 47. Bxd1 Bd4 48. Rf1 Qb1 {[%emt 0:00:20] Weighted Error Value: White=0.79/Black=0.13 (very precise) .  Mistake:       	White=4     	---        Inaccurate:     	White=3     	Black=1      OK:         	White=8     	Black=22     Best:        	White=1     	Black=3} 0-1